 Dungeon Sprint DCSS version 0.04.2-19-ga012a504bd (webtiles) character file.

Game seed: 7137400725682105187, levelgen mode: deterministic

18 diana the Magician (level 2, -1/15 HPs) Deep Elf Venom Mage. Began on May 23, 2021. Slain by a wight ... wielding a +5 long sword (10 damage) ... in the Dungeon (Sprint V: "Ziggurat Sprint"). The game lasted 00:00:47 (75 turns).

diana the Magician (Deep Elf Venom Mage)              Turns: 75, Time: 00:00:50

Health: -1/15      AC: 25    Str: 15    XL:     2 ^: 15
Magic:  10/10      EV:  9    Int: 19    God:
Gold:   0          SH:  0    Dex: 15    Spells: 11/12 levels left

rFire    + + .     Vision   .   E - +7 great mace "Firestarter" {inner flame, rF++}
rCold    . . .     Gourm    .   (also wielding the above weapon)
rNeg     . . .     Faith    .   C - +15 Maxwell's patent armour {-Cast -Tele rElec MR+ rCorr}
rPois    .         Spirit   .   (no helmet)
rElec    +         Reflect  .   (no cloak)
rCorr    +         Harm     .   (no gloves)
MR       +....     NoTele   +   (no boots) Stlth ..........NoCast +
                                (no amulet)
HPRegen  0.15/turn              x - ring of strength
MPRegen  0.20/turn              y - ring of strength

@: lightly drained
A: no striking features
a: no special abilities


You were in the Dungeon.
You were not hungry.

You visited 1 branch

Inventory:

Weapons
 E - the +7 great mace "Firestarter" (weapon) {inner flame, rF++}
   (You found it in the Dungeon)

   Its malleable surface is completely molten, allowing it to meld around and
   partially ignore armour.
   Causes less base damage than a standard weapon; but partially ignores enemy's
   defense and burns causing additional damage to those that don't resist heat.
   It greatly protects you from fire.
Armour
 a - a +0 robe
 C - the +15 Maxwell's patent armour (worn) {-Cast -Tele rElec MR+ rCorr}
   (You found it in the Dungeon)

   It insulates you from electricity.
   It affects your resistance to hostile enchantments.
   It prevents spellcasting.
   It prevents most forms of teleportation.
   It provides partial protection from all sources of acid and corrosion.
Magical Staves
 D - the +6 Majin-Bo {vampiric, corrupt archmagi; MP+6 Int+6}
   (You found it in the Dungeon)

   [staff of ]

   Base accuracy: +5 Base damage: 5 Base attack delay: 1.2 This weapon's minimum
   attack delay (0.6) is reached at skill level 12.
   The minimum and maximum damage of damaging spells cast with this staff are
   significantly increased.
   It falls into the 'Staves' category.
   It is one handed.
   Its enchantment grants additive spellpower to the spells it enhances.
Jewellery
 t - an uncursed ring of dexterity
 u - an uncursed ring of dexterity
 v - an uncursed ring of intelligence
 w - an uncursed ring of intelligence
 x - a ring of strength (left hand)
 y - a ring of strength (right hand)
Wands
 z - a wand of disintegration (7)
 A - a wand of iceblast (7)
 B - a wand of acid (7)
Scrolls
 i - 4 scrolls of blinking
 o - 4 scrolls of amnesia
 p - 7 scrolls of fog
 q - a scroll of holy word
 r - 5 scrolls of bless item
 s - 2 scrolls of fear
Potions
 b - 2 potions of brilliance
 d - 10 potions of curing
 e - 9 potions of heal wounds
 f - 6 potions of haste
 g - 7 potions of magic
 h - 3 potions of berserk rage
 j - 2 potions of invisibility
 k - 4 potions of resistance
 m - 5 potions of agility
 n - 5 potions of might
Comestibles
 c - 7 rations


   Skills:
 + Level 3.6(3.2) Maces & Staves
 + Level 4.6(4.3) Dodging
 - Level 2.4(2.1) Stealth
 + Level 5.9(5.5) Spellcasting
 - Level 1.0(0.7) Air Magic
 + Level 5.3(5.0) Poison Magic


You had 11 spell levels left.
You knew the following spells:

 Your Spells              Type           Power        Failure   Level  Hunger
a - Poisonous Vapours     Pois/Air       16 (50)      36%         1    None

Your spell library contained the following spells:

 Spells                   Type           Power        Failure   Level  Hunger
 Sting                    Pois           24 (25)      22%         2    None
 Mephitic Cloud           Pois/Air       16 (100)     73%         3    ##.....
 Olgreb's Toxic Radiance  Pois           24 (100)     83%         4    ####...
 Ignite Poison            Fire/Tmut      5 (100)      98%         3    ##.....


Dungeon Overview and Level Annotations

Branches:
Dungeon (1/1)

Altars:
Ashenzari
Cheibriados
Dithmenos
Elyvilon
Fedhas Madash
Gozag Ym Sagoz
Hepliaklqana
Kikubaaqudgha
Makhleb
Nemelex Xobeh
Okawaru
Qazlal
Ru
Sif Muna
Trog
Uskayaw
Vehumet
Wu Jian
Xom
Yredelemnul
Zin
The Shining One Bahamut & Tiamat
Beogh
Jiyva
Lugonu

Annotations:
D 1 transporter


Message History

The wight is wielding a +5 long sword and wearing the cursed ring "Loifriaghe" {*Slow rElec rPois MR+++ rCorr, (Curse: Fragile MP-9)}.
Found three items.
Found a transporter.
Unknown command.
The necrophage hits you but does no damage.
The adder zombie misses you (0).
The wight hits you with a +5 long sword (9)!
Ouch! That really hurt!
You feel drained.
* * * LOW HITPOINT WARNING * * *
You feel much better. The necrophage barely misses you (0).
The adder zombie bites you but does no damage.
The wight hits you but does no damage.
You hit the wight (4). You burn the wight (4).
The wight is filled with an inner flame.
The wight is heavily damaged. (9/17) HP The adder zombie closely misses you (0).
The necrophage hits you (6).
The wight hits you with a +5 long sword (10)!
Ouch! That really hurt!
You die...

▓▓▓▓▓▓▓▓▓▓▓▓▓
▓.8©8.▓.8©8.▓
▓.|)=.▓.....▓
▓.....▓.).|.▓
▓.znZ.▓.....▓
▓..@..▓..†..▓
▓.....▓..©..▓
▓..©..▓▓▓▓▓▓▓
▓▓▓▓▓▓▓


You could see a necrophage, a wight (inner flame) and an adder zombie.

Vanquished Creatures
  An adder (D)
  A ball python (D)
2 creatures vanquished.

Notes
Turn   | Place    | Note
-------+----------+-------------------------------------------
     0 | D        | diana the Deep Elf Venom Mage began the quest for the Orb.
     0 | D        | Reached XP level 1. HP: 10/10 MP: 6/6
     0 | D        | Found a shimmering blue altar of Sif Muna.
     0 | D        | Found a sacrificial altar of Ru.
     0 | D        | Found a bloodstained altar of Trog.
     0 | D        | Found a stormy altar of Qazlal.
     0 | D        | Found an iron altar of Okawaru.
     0 | D        | Found a sparkling altar of Nemelex Xobeh.
     0 | D        | Found a blossoming altar of Fedhas.
     1 | D        | Found the +6 Majin-Bo {vampiric, corrupt archmagi; MP+6
                  | Int+6}
     1 | D        | Found the +9 ballista "Sniper" {velocity, Acc+∞ +Vis}
     1 | D        | Found the +10 dark maul {crush}
     1 | D        | Found the +15 Maxwell's patent armour {-Cast -Tele rElec
                  | MR+ rCorr}
     1 | D        | Found the +18 shield of the Gong {rElec rN+ MR+ EV-5}
     1 | D        | Found the +14 obsidian axe {chop, +Fly +Vis Soulbond}
     1 | D        | Found the +7 great mace "Firestarter" {inner flame, rF++}
     1 | D        | Found the +6 shillelagh "Devastator" {shatter}
     1 | D        | Found the +11 plutonium sword {*Contam Stlth-}
     1 | D        | Found the +8 lance "Wyrmbane" {slay drac, rPois rF+ rC+
                  | AC+3}
     1 | D        | Found the +9 sword of Zonguldrok {reap}
     1 | D        | Found the +13 scythe of Curses {drain, Soulbond}
     1 | D        | Found the +0 sword of Power
     1 | D        | Found the +7 mace of Variability {chain chaos}
     1 | D        | Found the +7 Singing Sword {slice, sonic wave}
     1 | D        | Found the +8 storm bow {elec, penet}
     2 | D        | Found a transporter.
     2 | D        | Found an ancient bone altar of Kikubaaqudgha.
     2 | D        | Found a viscous altar of Jiyva.
     2 | D        | Found a corrupted altar of Lugonu.
     2 | D        | Found a hazy altar of Hepliaklqana.
     2 | D        | Found a burning altar of Makhleb.
     2 | D        | Found an opulent altar of Gozag.
    36 | D        | Reached skill level 5 in Spellcasting
    36 | D        | Reached skill level 5 in Poison Magic
    36 | D        | Reached XP level 2. HP: 15/15 MP: 6/10
    59 | D        | Entered arena 2.
    59 | D        | Found a transporter.
    71 | D        | Entered arena 3.
    71 | D        | Noticed a necrophage
    71 | D        | Identified the cursed ring "Loifriaghe" {*Slow rElec rPois
                  | MR+++ rCorr, (Curse: Fragile MP-9)}
    71 | D        | Noticed a wight
    71 | D        | Found a transporter.
    75 | D        | Slain by a wight

Levels and vault maps discovered:
D:        sprint_v [room_start, room_1, room_2, room_3, room_4, room_5, room_6,
          room_7, room_8, room_9, room_10, room_11, room_12, room_13, room_14,
          room_15, room_16, room_17, room_18, room_19, room_20, room_21,
          room_22, room_23, room_24, room_25, room_26, room_27]

Skill      XL: |  1 |
---------------+----+-----
Maces & Staves | 3 |  3.6
Dodging        | 4 |  4.6
Spellcasting   | 5 |  5.9
Poison Magic   | 5 |  5.3
Stealth        | |  2.4
Air Magic      | |  1.0

Action                   || total
-------------------------++-------
Melee: Great mace        ||     3
  Use: Potion            ||     2
Armor: Plate armour      ||     3
Dodge: Dodged            ||     5
